 Dungeon Crawl Stone Soup version 0.19.1 (webtiles) character file.

130 Beholder179 the Stinger (level 4, -1/33 HPs)
             Began as a Draconian Venom Mage on Dec 18, 2016.
             Killed from afar by Natasha (5 damage)
             ... with a magic dart
             ... on level 3 of the Dungeon.
             The game lasted 00:10:41 (2559 turns).

Beholder179 the Stinger (Draconian Venom Mage)      Turns: 2559, Time: 00:10:41

Health: -1/33      AC:  5    Str: 10    XL:     4   Next: 89%
Magic:  3/9        EV: 12    Int: 16    God:
Gold:   97         SH:  0    Dex: 12    Spells: 3 memorised, 1 level left

rFire  . . .     SeeInvis .     a - +1 short sword (drain)
rCold  . . .     Gourm    .     (armour unavailable)
rNeg   . . .     Faith    .     (no shield)
rPois  .         Spirit   .     l - +0 hat
rElec  .         Reflect  .     (no cloak)
rCorr  .         Harm     .     (no gloves)
MR     .....                    (no boots)
Stlth  ++........               (no amulet)
                                (no ring)
                                (no ring)

@: slowed, very slow
A: unfitting armour, cold-blooded, AC +5
a: no special abilities


You were on level 3 of the Dungeon.
You were not hungry.

You visited 1 branch of the dungeon, and saw 3 of its levels.

You collected 97 gold pieces.

Inventory:

Hand Weapons
 a - a +1 short sword of draining (weapon)
Armour
 l - a +0 hat (worn)
Jewellery
 e - an uncursed ring of ice
Scrolls
 c - a scroll of amnesia {unknown}
 f - a scroll of identify {unknown}
 g - a scroll of blinking {unknown}
 h - a scroll of enchant armour {unknown}
 i - 3 scrolls of remove curse
Potions
 m - a potion of degeneration {unknown}
 n - a potion of berserk rage {unknown}
 o - a potion of ambrosia {unknown}
 p - a potion of flight {unknown}
Books
 d - a Young Poisoner's Handbook

   Spells                             Type                      Level
   a - Sting                          Conjuration/Poison           1
   b - Mephitic Cloud                 Conjuration/Poison/Air       3
   c - Olgreb's Toxic Radiance        Poison                       4
   d - Alistair's Intoxication        Transmutation/Poison         5
   e - Venom Bolt                     Conjuration/Poison           5
Comestibles
 b - 4 bread rations
 j - 4 fruits
 k - 3 chunks of flesh


   Skills:
 - Level 1.7 Dodging
 - Level 1.7 Stealth
 * Level 3.3 Spellcasting
 + Level 1.8 Conjurations
 * Level 5.0 Poison Magic


You had one spell level left.
You knew the following spells:

 Your Spells              Type           Power        Failure   Level  Hunger
a - Sting                 Conj/Pois      ##..         6%          1    None
b - Mephitic Cloud        Conj/Pois/Air  #.......     21%         3    ###....
c - Olgreb's Toxic Radia  Pois           ###.....     28%         4    ####...


Dungeon Overview and Level Annotations

Branches:
Dungeon (3/15)

Altars:
Dithmenos
Gozag
Kikubaaqudgha
Trog

Annotations:
D:3 Natasha


Innate Abilities, Weirdness & Mutations

Your plain brown scales are hard. (AC +5)
You cannot fit into any form of body armour.
You are cold-blooded and may be slowed by cold attacks.


Message History

Aiming: Mephitic Cloud
Press: ? - help, Shift-Dir - straight line The ball explodes into a vile cloud!
The stinking cloud engulfs Natasha.
Natasha is severely wounded.
Natasha casts a spell at you. The magic dart hits you!
* * * LOW HITPOINT WARNING * * *
Natasha claws you but does no damage.
Casting: Mephitic Cloud
Confirm with . or Enter, or press ? or * to list all spells.
Aiming: Sting
Press: ? - help, Shift-Dir - straight line, f - Natasha
Aim: Natasha (severely wounded, heavily drained)
The sting hits Natasha.
Natasha is poisoned.
Natasha is almost dead.
Natasha claws you.
* * * LOW HITPOINT WARNING * * *
Natasha casts a spell at you. The magic dart hits you!
You die...

##..### #.........###....#...
#.....## #.....^...##...#...#
.....h.## #.........##..##..##
........# #..................###
........####.....................
................................#
........##..#####...............#
........###..##......[..........#
.......####.#.#.@...............#
......###.._..#h................#
.####..<..#.#.w§...............##
. #....#....§.........#........
##......#...#.......##.......
#.......÷#.####............<
#.......##...............
..................###......
..........#######..# ##..#.


You could see a worm and Natasha.

Vanquished Creatures
  Natasha (twice) (D:3)
  3 adders
  An ooze (D:2)
  3 giant cockroaches
  4 goblins (D:1)
  7 hobgoblins
  10 jackals
  7 kobolds
  2 ball pythons
  4 bats
  4 frilled lizards
  4 rats
51 creatures vanquished.

Notes
Turn   | Place    | Note
-------+----------+-------------------------------------------
     0 | D:1      | Beholder179 the Draconian Venom Mage began the quest for the Orb.
     0 | D:1      | Reached XP level 1. HP: 14/14 MP: 3/3
   321 | D:1      | Reached XP level 2. HP: 20/20 MP: 3/5
   534 | D:1      | Reached skill level 1 in Conjurations
  1006 | D:2      | Found a shadowy altar of Dithmenos.
  1177 | D:2      | Reached XP level 3. HP: 26/26 MP: 6/6
  1302 | D:2      | Learned a level 3 spell: Mephitic Cloud
  1544 | D:2      | Found an opulent altar of Gozag.
  1837 | D:2      | Found a bloodstained altar of Trog.
  1991 | D:3      | Found an ancient bone altar of Kikubaaqudgha.
  2054 | D:1      | Reached XP level 4. HP: 27/33 MP: 4/8
  2359 | D:3      | Learned a level 4 spell: Olgreb's Toxic Radiance
  2360 | D:3      | Noticed Natasha
  2378 | D:3      | Killed Natasha
  2507 | D:3      | Noticed Natasha
  2528 | D:3      | Killed Natasha
  2528 | D:3      | Reached skill level 5 in Poison Magic
  2548 | D:3      | Noticed Natasha
  2559 | D:3      | Killed from afar by Natasha

Skill      XL: |  1  2  3  4 |
---------------+-------------+-----
Conjurations   | 1 |  1.8
Spellcasting   | 3 |  3.3
Poison Magic   | 5 |  5.0
Dodging        | |  1.7
Stealth        | |  1.7

Action                   |  1- 3 |  4- 6 || total
-------------------------+-------+-------++-------
Melee: Dagger            |    33 |       ||    33
       Short sword       |    29 |    53 ||    82
       Tailslap          |     3 |     1 ||     4
 Cast: Sting             |    53 |     8 ||    61
       Mephitic Cloud    |       |     3 ||     3
  Use: Scroll            |     2 |       ||     2
 Stab: Distracted        |     1 |       ||     1
       Sleeping          |     1 |       ||     1
       Confused          |       |     1 ||     1
  Eat: Chunk             |     4 |     2 ||     6
Armor: Skin              |    33 |    23 ||    56
Dodge: Dodged            |    61 |    43 ||   104
